AoeStats
← Mon Bosson

Golden Pit

509391467Analyzed
1v1 RM · 4d ago on Sep 26, 2026· 38m 43s· 2 players
Game mode
Random Map
Map size
Tiny (2 player)
Population
200
Speed
Normal
Resources
Standard
Victory
Conquest
Starting age
Dark Age
Ending age
Imperial Age
RankedLock teamsTeams togetherTeam positionsShared explorationLock speedFull tech treeHidden civsTurbo modeCheats
Victory
Defeat
🇸🇪 Inca · Sweden
759
+14
🇺🇸 Spanish · United States
712
-14
Shuksan
9:14 Loom
12:48 Feudal Age
14:08 Double-Bit Axe
15:32 Wheelbarrow
14:43 Town Watch
16:12 Horse Collar
20:54 Castle Age
19:46 Bloodlines
20:20 Scale Barding Armor
21:06 Forging
22:35 Fletching
23:08 Chain Barding Armor
23:04 Gold Mining
24:43 Bodkin Arrow
26:50 Heavy Plow
33:34 Imperial Age
32:04 Hand Cart
32:56 Iron Casting
32:22 Padded Archer Armor
32:22 Scale Mail Armor
34:23 Elite Conquistador
36:27 Stone Mining
36:40 Town Patrol
37:13 Conscription
37:03 Husbandry
36:26 Cavalier
Mon Bosson
8:25 Feudal Age
8:52 Horse Collar
9:09 Double-Bit Axe
20:19 Castle Age
18:09 Champi Runner
18:35 Arson
20:04 Forging
19:56 Scale Mail Armor
21:08 Heavy Plow
21:22 Bow Saw
22:42 Squires
22:37 Gold Mining
24:34 Champi Warrior
27:13 Thumb Ring
27:26 Chain Mail Armor
27:59 Padded Archer Armor
27:57 Fletching
34:06 Imperial Age
33:23 Iron Casting
32:44 Bodkin Arrow
35:55 Plate Mail Armor
37:22 Blast Furnace
36:38 Bracer
36:54 Leather Archer Armor
37:30 Gold Shaft Mining
Connection lost

Rejoining the realm…

Still unreachable

The connection could not be restored.

Session expired

The server has moved on; the page needs a fresh start.